 Dungeon Crawl Stone Soup version 0.29.1-15-g9cfb28693d (webtiles) character file.

Game seed: 16275269156947369049

108 nightchill the Trooper (level 4, 0/29 HPs)
             Began as a Gargoyle Fighter on Mar 25, 2023.
             Slain by Natasha (5 damage)
             ... on level 2 of the Dungeon on Mar 31, 2023.
             The game lasted 00:02:45 (1872 turns).

nightchill the Trooper (Gargoyle Fighter)           Turns: 1872, Time: 00:02:46

Health: 0/29       AC: 16    Str: 20    XL:     4   Next: 87%
Magic:  4/4        EV:  5    Int: 10    God:
Gold:   51         SH:  4    Dex:  9    Spells: 3/3 levels left

rFire   . . .      SeeInvis .   a - +0 flail
rCold   + . .      Faith    .   c - +0 buckler
rNeg    + . .      Spirit   .   i - +1 plate armour {rC+}
rPois   ∞          Reflect  .   (no helmet)
rElec   +          Harm     .   (no cloak)
rCorr   .          Rampage  .   (no gloves)
Will    .....                   (no boots)
Stlth   ..........              (no amulet)
HPRegen 0.09/turn               (no ring)
MPRegen 0.09/turn               (no ring)

@: slowed, very slow
A: sickness immunity, AC +3, negative energy resistance 1, electricity
resistance, torment resistance 1, petrification resistance
a: no special abilities


You were on level 2 of the Dungeon.
You visited 1 branch of the dungeon, and saw 2 of its levels.

You collected 51 gold pieces.

Inventory:

Hand Weapons
 a - a +0 flail (weapon)
Missiles
 e - 2 throwing nets (quivered)
Armour
 b - a +0 scale mail
 c - a +0 buckler (worn)
 i - a +1 plate armour of cold resistance (worn)
Scrolls
 g - a scroll of poison {unknown}
 h - a scroll of summoning {unknown}
 k - a scroll of identify {unknown}
Potions
 d - a potion of might
 f - a potion of curing {unknown}
 j - a potion of brilliance {unknown}


   Skills:
 + Level 4.2 Fighting
 * Level 3.6 Maces & Flails
 - Level 3.6 Armour
 - Level 3.7 Shields


You had 3 spell levels left.
You didn't know any spells.
Your spell library was empty.

Dungeon Overview and Level Annotations

Branches:
Dungeon (2/15)

Altars:

Annotations:
D:2 Natasha


Innate Abilities, Weirdness & Mutations

You are immune to sickness and miasma.
Your stone body is resilient. (AC +3)
You are immune to poison.
You resist negative energy. (rN+)
You are resistant to electric shocks. (rElec)
You are resistant to unholy torment.
You are immune to petrification.


Message History

* * * LOW HITPOINT WARNING * * *
You hit Natasha.
Natasha is lightly wounded.
You block Natasha's attack. The grasping roots constrict you.
* * * LOW HITPOINT WARNING * * *
Natasha stares at you and mumbles some strange words.
You feel as though you will be slow longer.
The grasping roots constrict you.
The grasping roots release their grip on you.
You hit Natasha.
Natasha is moderately wounded.
Natasha claws you but does no damage.
Natasha mumbles some strange words.
You hit Natasha.
Natasha is moderately wounded.
Natasha claws you.
* * * LOW HITPOINT WARNING * * *
You barely miss Natasha.
Natasha is moderately wounded.
Natasha claws you but does no damage.
Natasha stares at you and mumbles some strange words.
The magic dart hits you but does no damage.
You closely miss Natasha.
Natasha is moderately wounded.
Natasha claws you but does no damage. x2
You hit Natasha but do no damage.
Natasha is moderately wounded.
Natasha barely misses you. Natasha claws you but does no damage.
You closely miss Natasha.
Natasha is moderately wounded.
Natasha claws you but does no damage. x2
You closely miss Natasha.
Natasha is moderately wounded.
Natasha wildly gestures.
Natasha glows brightly for a moment.
Natasha claws you but does no damage. You block Natasha's attack.
You barely miss Natasha.
Natasha is moderately wounded.
Natasha claws you.
You die...

#.....###
#######..##
#.......#
#..........
#....##.##
#..........
#....##..#
#.........!
########.#
...?.h....
#.# ...h...
#.## #..h#
##..####.#
#....@h5.#
#.########
#.# #.# #.#
#.# #.# #.#


You could see an iron imp (summoned) and Natasha.

Vanquished Creatures
  Natasha (twice) (D:2)
  An adder (D:2)
  A dart slug (D:1)
  5 ball pythons
  5 endoplasms (D:1)
  2 giant cockroaches
  7 goblins
  6 hobgoblins
  3 jackals (D:2)
  3 kobolds (D:1)
  4 bats (D:1)
  A frilled lizard (D:2)
  3 rats
43 creatures vanquished.

Notes
Turn   | Place    | Note
-------+----------+-------------------------------------------
     0 | D:1      | nightchill the Gargoyle Fighter began the quest for the
                  | Orb.
     0 | D:1      | Reached XP level 1. HP: 14/14 MP: 1/1
   222 | D:1      | Reached XP level 2. HP: 19/19 MP: 2/2
   489 | D:1      | Reached XP level 3. HP: 14/23 MP: 3/3
  1519 | D:2      | Noticed Natasha
  1538 | D:2      | Killed Natasha
  1539 | D:2      | Reached XP level 4. HP: 24/29 MP: 4/4
  1548 | D:2      | Noticed Natasha
  1559 | D:2      | Killed Natasha
  1560 | D:2      | Reached skill level 4 in Fighting
  1837 | D:2      | Noticed Natasha
  1872 | D:2      | Slain by Natasha

Illustrated notes

Levels and vault maps discovered:
D:1:      pf_arrival_petrified_forest, layout_basic
D:2:      layout_basic, kennysheep_generic_room_10, uniq_natasha, uniq_jessica

Skill      XL: |  1  2  3  4 |
---------------+-------------+-----
Maces & Flails | 3 |  3.6
Fighting       | 4 |  4.2
Armour         | |  3.6
Shields        | |  3.7

Action                   |  1- 3 |  4- 6 || total
-------------------------+-------+-------++-------
Melee: Flail             |    92 |    57 ||   149
Armor: Scale mail        |    31 |       ||    31
       Plate armour      |    15 |    41 ||    56
Dodge: Dodged            |    51 |    14 ||    65
Block: Buckler           |    21 |    16 ||    37
